 Dungeon Sprint DCSS version 0.30.1-11-g7821555f0a (webtiles) character file.

Game seed: 3243367272335380503

2458 Heoruswealwe the Impaler (level 9, -8/139 HPs)
             Began as a Minotaur Fighter on Nov 15, 2023.
             Was an Initiate of Gozag.
             Mangled by an eight-headed hydra (10 damage)
             ... in the Dungeon (Sprint IX: "|||||||||||||||||||||||||||||").
             The game lasted 00:02:52 (301 turns).

Heoruswealwe the Impaler (Minotaur Fighter)          Turns: 301, Time: 00:02:54

Health: -8/139     AC: 26    Str: 25    XL:     9   Next: 26%
Magic:  8/8        EV: 10    Int:  5    God:    Gozag
Gold:   567        SH:  0    Dex: 10    Spells: 8/8 levels left

rFire   . . .        b - +2 halberd (protect)
rCold   . . .        (shield currently unavailable)
rNeg    . . .        c - +0 plate armour
rPois   .            (helmet restricted)
rElec   .            h - +0 cloak
rCorr   .            (no gloves)
SInv    .            e - +0 pair of boots
Will    .....        (no amulet) Stlth
                     k - +2 ring of evasion
HPRegen 0.43/turn    (no ring)
MPRegen 0.11/turn

%: no teleportation
@: berserking, gold aura, under a protective aura, very quick
A: horns 2, retaliatory headbutt
a: Renounce Religion, Potion Petition, Call Merchant, Bribe Branch


You were in the Dungeon.
You worshipped Gozag.
Gozag was pleased with you.
You visited 1 branch You collected 567 gold pieces.

Inventory:

Hand Weapons
 a - a +0 trident
 b - a +2 halberd of protection (weapon)
Armour
 c - a +0 plate armour (worn)
 d - a +0 buckler
 e - a +0 pair of boots (worn)
 h - a +0 cloak (worn)
Jewellery
 k - a +2 ring of evasion (left hand)
Wands
 l - a wand of roots (10)
Scrolls
 j - 2 scrolls of blinking
Potions
 f - 2 potions of heal wounds
 g - a potion of haste
 m - 5 potions of curing
 n - a potion of might


   Skills:
 + Level 13.2 Fighting
 * Level 17.7 Polearms
 + Level 13.2 Armour
 - Level 3.6 Shields


You had 8 spell levels left.
You didn't know any spells.
Your spell library was empty.

Dungeon Overview and Level Annotations

Branches:
Dungeon (1/1)

Altars:
Cheibriados
Dithmenos
Elyvilon
Fedhas
Gozag
Hepliaklqana
Kikubaaqudgha
Makhleb
Nemelex Xobeh
Okawaru
Qazlal
Ru
Sif Muna
Trog
Uskayaw
Vehumet
Wu Jian
Xom
Yredelemnul
Zin
The Shining One
Jiyva
Lugonu


Innate Abilities, Weirdness & Mutations

You have a pair of horns on your head.
You reflexively headbutt those who attack you in melee.


Message History

Increase (S)trength, (I)ntelligence, or (D)exterity?
You feel stronger. x2
A red film seems to cover your vision as you go berserk!
You feel yourself moving faster!
You feel mighty! The six-headed hydra bites you. x2
* * * LOW HITPOINT WARNING * * *
The six-headed hydra bites you but does no damage.
The six-headed hydra bites you.
* * * LOW HITPOINT WARNING * * *
The six-headed hydra bites you.
* * * LOW HITPOINT WARNING * * *
The six-headed hydra bites you.
* * * LOW HITPOINT WARNING * * *
You lop one of the six-headed hydra's heads off!
The five-headed hydra grows two more!
You impale the seven-headed hydra!!
The seven-headed hydra is moderately wounded.
You barely miss the seven-headed hydra. You headbutt the seven-headed hydra!!
The seven-headed hydra is heavily wounded.
The seven-headed hydra bites you but does no damage. x3
The seven-headed hydra bites you!
* * * LOW HITPOINT WARNING * * *
The seven-headed hydra bites you but does no damage.
The seven-headed hydra misses you.
The seven-headed hydra bites you but does no damage.
You lop one of the seven-headed hydra's heads off!
The six-headed hydra grows two more!
You impale the eight-headed hydra!!
The eight-headed hydra is severely wounded.
You barely miss the eight-headed hydra.
Your headbutt misses the eight-headed hydra.
The eight-headed hydra is severely wounded.
The meliai calls down the wrath of its god upon you.
Something smites you!
* * * LOW HITPOINT WARNING * * *
The eight-headed hydra bites you but does no damage. x2
The eight-headed hydra bites you!
* * * LOW HITPOINT WARNING * * *
The eight-headed hydra bites you but does no damage.
The eight-headed hydra bites you!
You die...
Your body crumbles into a pile of gold.

▓▓▓▓▓▓▓▓▓▓▓▓▓▓▓▓▓▓▓▓▓▓▓
?)[=....'))....'@Dy..h+
▓▓▓▓▓▓▓▓▓▓▓▓▓▓▓▓▓▓▓▓▓▓▓
$ $$$ $ $ $


$$$$$ You could see an eight-headed hydra, a meliai and a howler monkey.

Vanquished Creatures
  2 centaur warriors (D)
  A two-headed ogre (D)
  A wraith (D)
  An orc warrior (D)
  An ice beast (D)
  2 centaurs (D)
  2 scorpions (D)
  2 howler monkeys (D)
  A jelly (D)
  A hobgoblin (D)
  A jackal (D)
  A frilled lizard (D)
  2 rats (D)
18 creatures vanquished.

Notes
Turn   | Place    | Note
-------+----------+-------------------------------------------
     0 | D        | Heoruswealwe the Minotaur Fighter began the quest for the
                  | Orb.
     0 | D        | Reached XP level 1. HP: 19/19 MP: 0/0
     9 | D        | Reached skill level 3 in Polearms
    26 | D        | Noticed a scorpion
    26 | D        | Noticed a jelly
    26 | D        | Noticed a scorpion
    26 | D        | Noticed an ice beast
    26 | D        | Noticed a howler monkey
    35 | D        | Killed a scorpion
    36 | D        | Reached skill level 5 in Fighting
    36 | D        | Reached skill level 6 in Polearms
    36 | D        | Reached skill level 5 in Armour
    36 | D        | Reached XP level 2. HP: 16/30 MP: 1/1
    36 | D        | Reached XP level 3. HP: 19/37 MP: 2/2
    42 | D        | Reached skill level 7 in Polearms
    42 | D        | Reached XP level 4. HP: 42/44 MP: 3/3
    47 | D        | Killed a scorpion
    48 | D        | Reached skill level 9 in Polearms
    48 | D        | Reached XP level 5. HP: 51/52 MP: 4/4
    59 | D        | Killed an ice beast
    60 | D        | Reached skill level 10 in Polearms
    62 | D        | Reached XP level 6. HP: 26/62 MP: 5/5
    68 | D        | Found a snail-covered altar of Cheibriados.
    68 | D        | Found a shadowy altar of Dithmenos.
    68 | D        | Found a white marble altar of Elyvilon.
    68 | D        | Found a blossoming altar of Fedhas.
    68 | D        | Found an opulent altar of Gozag.
    69 | D        | Found a hazy altar of Hepliaklqana.
    70 | D        | Found a viscous altar of Jiyva.
    71 | D        | Found an ancient bone altar of Kikubaaqudgha.
    72 | D        | Found a corrupted altar of Lugonu.
    73 | D        | Found a burning altar of Makhleb.
    74 | D        | Found a sparkling altar of Nemelex Xobeh.
    75 | D        | Found an iron altar of Okawaru.
    76 | D        | Became a worshipper of Gozag Ym Sagoz the Greedy
    77 | D        | Found a stormy altar of Qazlal.
    78 | D        | Found a sacrificial altar of Ru.
    79 | D        | Found a shimmering blue altar of Sif Muna.
    80 | D        | Found a bloodstained altar of Trog.
    81 | D        | Found a hide-covered altar of Uskayaw.
    82 | D        | Found a radiant altar of Vehumet.
    83 | D        | Found an ornate altar of the Wu Jian Council.
    84 | D        | Found a shimmering altar of Xom.
    85 | D        | Found a basalt altar of Yredelemnul.
    86 | D        | Found a glowing silver altar of Zin.
    87 | D        | Found a glowing golden altar of the Shining One.
   182 | D        | Noticed a wraith
   182 | D        | Noticed an orc warrior
   182 | D        | Noticed a two-headed ogre
   187 | D        | Reached skill level 11 in Polearms
   193 | D        | Killed a wraith
   194 | D        | Reached skill level 12 in Polearms
   194 | D        | Reached XP level 7. HP: 61/71 MP: 6/6
   202 | D        | Killed a two-headed ogre
   203 | D        | Reached skill level 14 in Polearms
   203 | D        | Reached XP level 8. HP: 66/82 MP: 7/7
   204 | D        | Reached skill level 15 in Polearms
   284 | D        | Noticed a centaur warrior
   284 | D        | Noticed a centaur warrior
   284 | D        | Noticed a meliai
   284 | D        | Noticed a six-headed hydra
   292 | D        | Killed a centaur warrior
   293 | D        | Reached skill level 16 in Polearms
   296 | D        | Killed a centaur warrior
   297 | D        | Reached skill level 17 in Polearms
   297 | D        | Reached XP level 9. HP: 34/93 MP: 8/8
   301 | D        | HP: 2/139 [eight-headed hydra (12)]
   301 | D        | Mangled by an eight-headed hydra

Illustrated notes

Levels and vault maps discovered:
D:        linesprint [early_d, line_temple, items_1, d_10, items_2, lair_1,
          lair_end, items_3, orc_1, orc_end, items_4, d_15, swamp_1, shoals_1,
          snake_1, spider_1, d_20, vaults_1, items_5, swamp_end, shoals_end,
          snake_end, spider_end, vaults_end, d_27, items_6, zot_1, zot_end,
          crypt_end, forest_end, elf_end, slime_end, tomb_end, abyss_end,
          pan_hell_end]

Skill      XL: |  1  2  3  4  5  6  7  8 |
---------------+-------------------------+-----
Polearms       | 6 7 9 10 12 14 17 | 17.7
Fighting       | 5 6 7 8 9 11 13 | 13.2
Armour         | 5 6 7 8 9 11 13 | 13.2
Shields        | |  3.6

Action                     |  1- 3 |  4- 6 |  7- 9 || total
---------------------------+-------+-------+-------++-------
  Melee: Trident           |    19 |    20 |       ||    39
         Headbutt          |     2 |     2 |     7 ||    11
         Halberd           |       |    10 |    31 ||    41
    Use: Potion            |     1 |       |     1 ||     2
 Armour: Scale mail        |     7 |     6 |       ||    13
         Plate armour      |       |     7 |    33 ||    40
  Dodge: Dodged            |     7 |     9 |     6 ||    22
  Block: Buckler           |     4 |     3 |       ||     7
